 Dungeon Crawl Stone Soup version 0.30-a0-241-g1121274140 (webtiles) character file.

Game seed: 10847232723388968042

14364 Lobster4 the Fighter (level 12, -22/97 HPs)
             Began as a Human Wanderer on Oct 10, 2022.
             Was an Elder of the Shining One.
             Annihilated by an ettin
             ... wielding a +0 dire flail
              (23 damage)
             ... on level 2 of the Orcish Mines.
             The game lasted 00:47:31 (11492 turns).

Lobster4 the Fighter (Human Wanderer)              Turns: 11492, Time: 00:47:32

Health: -22/97     AC: 29    Str: 26    XL:     12   Next: 44%
Magic:  16/17      EV:  8    Int: 12    God:    the Shining One [****..]
Gold:   1104       SH:  0    Dex: 14    Spells: 14/17 levels left

rFire   + . .      SeeInvis .    O - +2 flail (venom)
rCold   . . .      Faith    .    W - orb {mayhem}
rNeg    + + .      Spirit   .    o - +9 chain mail "Coemut" {-Tele rElec Str+8 Dex-5}
rPois   .          Reflect  .    Q - +1 helmet
rElec   +          Harm     .    g - +1 cloak
rCorr   .          Rampage  .    A - +1 pair of gloves
Will    .....      NoTele   +    F - +1 pair of boots
Stlth   ..........               (no amulet)
HPRegen 0.36/turn                j - +6 ring of dexterity
MPRegen 0.15/turn                p - ring of protection from fire

@: glowing
A: no striking features
a: Renounce Religion, Divine Shield, Cleansing Flame


You were on level 2 of the Orcish Mines.
You worshipped the Shining One.
The Shining One was greatly pleased with you.
You visited 3 branches of the dungeon, and saw 14 of its levels.
You also visited: Sewer and Ossuary.

You collected 1440 gold pieces.
You spent 336 gold pieces at shops.

Inventory:

Hand Weapons
 a - a +3 mace
 b - a +0 sling
 f - a +2 flail of holy wrath
 O - a +2 flail of venom (weapon)
 P - a +1 whip of flaming
Missiles
 h - 9 boomerangs
 l - 4 curare-tipped darts
 r - 15 poisoned darts (quivered)
Armour
 g - a +1 cloak (worn)
 o - the +9 chain mail "Coemut" (worn) {-Tele rElec Str+8 Dex-5}
   (You found it on level 4 of the Dungeon)

   Str:       It affects your strength (+8).
   Dex:       It affects your dexterity (-5).
   rElec:     It insulates you from electricity.
   -Tele:     It prevents most forms of teleportation.
 A - a +1 pair of gloves (worn)
 E - a +1 kite shield of protection
 F - a +1 pair of boots (worn)
 I - a +0 scale mail of fire resistance
 Q - a +1 helmet (worn)
 S - the +3 hat of Pondering {ponderous, Will+ MP+10 Int+5}
   (You took it off Gastronok on level 9 of the Dungeon)

   Int:       It affects your intelligence (+5).
   MP:        It affects your magic capacity (+10).
   Will:      It increases your willpower.
 W - an orb of mayhem (worn)
Jewellery
 j - a +6 ring of dexterity (left hand)
 m - a ring of resist corrosion
 p - a ring of protection from fire (right hand)
 D - a ring of protection from fire
Wands
 w - a wand of charming (7)
 y - a wand of polymorph (9)
 B - a wand of roots (7)
 G - a wand of quicksilver (10)
 J - a wand of flame (6)
Scrolls
 c - 7 scrolls of fear
 e - 6 scrolls of blinking
 k - 5 scrolls of enchant weapon
 s - a scroll of brand weapon
 x - a scroll of poison
 H - 3 scrolls of immolation
 K - 4 scrolls of teleportation
 M - 2 scrolls of silence
 N - a scroll of butterflies
 T - 2 scrolls of identify
 V - a scroll of vulnerability {unknown}
Potions
 d - 2 potions of haste {unknown}
 i - a potion of heal wounds
 n - 3 potions of magic
 q - 3 potions of flight
 t - 2 potions of brilliance
 u - 5 potions of lignification
 z - 11 potions of curing
 C - 2 potions of berserk rage
 L - a potion of might {unknown}


   Skills:
 + Level 9.7 Fighting
 + Level 8.8(8.9) Maces & Flails
 - Level 1.0(5.6) Staves
 - Level 3.0 Ranged Weapons
 - Level 2.0 Throwing
 + Level 9.0 Armour
 + Level 8.4 Shields
 - Level 3.0 Spellcasting
 - Level 3.0 Air Magic
 * Level 6.7 Invocations
 - Level 3.0 Evocations


You had 14 spell levels left.
You knew the following spells:

 Your Spells              Type           Power      Damage    Failure   Level
a - Swiftness             Air            9%         N/A       71%         3

Your spell library contained the following spells:

 Spells                   Type           Power      Damage    Failure   Level
 Slow                     Hex            4%         N/A       77%         1
 Ensorcelled Hibernation  Hex/Ice        2%         N/A       88%         2
 Passwall                 Tmut/Erth      0%         N/A       88%         2
 Kindle Blastsparks       Fire/Tloc/Air  8%         2d10      94%         3
 Confusing Touch          Hex            1%         N/A       98%         3
 Hailstorm                Conj/Ice       1%         3d3       98%         3
 Ignite Poison            Fire/Tmut/Pois 1%         N/A       98%         3
 Vampiric Draining        Necr           1%         2d6       98%         3
 Ice Form                 Ice/Tmut       1%         N/A       100%        4
 Freezing Cloud           Conj/Ice/Air   2%         6-21      100%        5
 Iskenderun's Battlesphe  Conj           1%         2d6       100%        5
 Summon Forest            Summ/Tloc      0%         N/A       100%        5
 Summon Mana Viper        Hex/Summ       1%         N/A       100%        5
 Iron Shot                Conj/Erth      0%         9d1       100%        6
 Simulacrum               Ice/Necr       0%         N/A       100%        6
 Summon Cactus Giant      Summ           0%         N/A       100%        6
 Spellforged Servitor     Conj/Summ      0%         N/A       100%        7


Dungeon Overview and Level Annotations

Branches:
Dungeon (11/15)            Temple (1/1) D:4            Lair (0/5) D:8
    Orc (2/2) D:9             Elf (0/3) Orc:2         Sewer (visited)
Ossuary (visited)

Altars:
Ashenzari
Cheibriados
Dithmenos
Elyvilon
Fedhas
Gozag
Hepliaklqana
Kikubaaqudgha
Makhleb
Nemelex Xobeh
Okawaru
Qazlal
Ru
Sif Muna
Trog
Uskayaw
Vehumet
Wu Jian
Xom
Yredelemnul
Zin
The Shining One

Shops:
D:5 ?   Orc:2 *

Annotations:
D:11 Harold, Josephine
Orc:2 1 exclusion


Message History

The troll is heavily wounded.
The troll barely misses you. The troll closely misses you.
The troll claws you but does no damage.
You hit the troll but do no damage.
The troll is heavily wounded.
The troll bites you but does no damage. The troll barely misses you.
The troll claws you but does no damage.
You sock the troll!
You kill the troll!
The ettin flies into a frenzy!
The troll leather armour is intact enough to wear.
The ettin hits you with a +0 dire flail!!
The ettin hits you but does no damage.
Your Armour skill increases to level 9!
You sock the ettin!
The ettin is poisoned.
The ettin is lightly wounded.
The ettin barely misses you.
The ettin hits you with a +0 dire flail!!!
* * * LOW HITPOINT WARNING * * *
You feel much better.
The ettin hits you with a +0 dire flail.
The ettin hits you with a +0 dire flail!
* * * LOW HITPOINT WARNING * * *
The ettin hits you with a +0 dire flail!!
* * * LOW HITPOINT WARNING * * *
The ettin barely misses you.
Okay, then.
You can't see any enemies this would affect, really read the scroll of fear?
Okay, then.
Unknown command.
Throw: throwing net
Press: ? - help, Shift-Dir - straight line, f - ettin
Aim: an ettin, wielding two +0 dire flails (lightly wounded, fast, strong, frenzied and insane, very poisoned, haloed, 97% to hit, immune to nets)
You throw a throwing net. The throwing net hits the ettin.
The ettin is too large for the net to hold!
The ettin is lightly wounded.
The ettin hits you with a +0 dire flail!!
The Shining One protects you from harm!
The ettin hits you with a +0 dire flail!!
You die...

.#.#.................#
###...........##...## #
#....#.##.....#...# .#
##......##.......##....#
##.##.##........#.#....
### ###...........#
##...........##
........#........
......C@.....#..#
......[.........#
...............##
................#
............#....
................
...............
...........#...


You could see a neutral ettin (fast, strong, insane, very poisoned).

Vanquished Creatures
  Gastronok (D:9)
  3 death yaks
  A two-headed ogre (D:9)
  2 orc knights
  2 orc sorcerers (Orc:2)
  Maurice (Orc:1)
  An unseen horror (D:10)
  2 trolls
  3 hornets
  Sigmund (D:6)
  A shadow (D:9)
  A wyvern (D:7)
  A wraith (D:10)
  5 yaks (D:9)
  A steam dragon (D:7)
  2 wargs (Orc:2)
  3 water moccasins
  An ice beast (D:6)
  10 orc warriors
  3 sky beasts
  7 ogres
  6 centaurs
  A phantom (D:7)
  2 kobold brigands
  2 bullfrogs (D:8)
  3 necrophages
  2 scorpions (D:6)
  A gnoll sergeant (D:11)
  A water moccasin zombie (D:4)
  6 wights
  15 killer bees
  5 howler monkeys (D:10)
  A centaur zombie (D:4)
  A human zombie (D:4)
  3 hounds (D:5)
  A jelly (D:7)
  7 orc priests
  3 gnoll boudas
  A scorpion zombie (D:4)
  2 iguanas
  8 orc wizards
  2 hell rats
  2 hound zombies (D:4)
  10 mummies
  A howler monkey zombie (D:4)
  13 gnolls
  7 river rats
  18 adders
  A shadow imp (D:6)
  A white imp (D:7)
  3 adder zombies (D:4)
  4 worms
  2 dart slugs
  46 orcs
  A bat (D:1)
  12 endoplasms
  4 giant cockroaches
  A gnoll zombie (Ossuary)
  8 goblins
  7 hobgoblins
  7 jackals
  9 quokkas
  13 ball pythons
  3 frilled lizards
  A hobgoblin zombie (Ossuary)
  17 kobolds
  4 kobold zombies (Ossuary)
  An orc zombie (Ossuary)
  12 rats
333 creatures vanquished.

Vanquished Creatures (collateral kills)
  An orc wizard (Orc:2)
  A dart slug (D:5)
  An orc (Orc:2)
3 creatures vanquished.

Vanquished Creatures (others)
  A wizard (D:9)
  An orc wizard (Orc:2)
  A kobold zombie (Ossuary)
3 creatures vanquished.

Grand Total: 339 creatures vanquished

Notes
Turn   | Place    | Note
-------+----------+-------------------------------------------
     0 | D:1      | Lobster4 the Human Wanderer began the quest for the Orb.
     0 | D:1      | Lobster4 set off with the following items: a +3 mace, a +0
                  | quarterstaff, a scroll of fear, a +0 leather armour.
     0 | D:1      | Reached XP level 1. HP: 19/19 MP: 1/1
   269 | D:1      | Reached XP level 2. HP: 24/25 MP: 2/2
   768 | D:2      | Reached XP level 3. HP: 27/30 MP: 3/3
  1713 | D:3      | Reached XP level 4. HP: 38/38 MP: 4/4
  1754 | D:3      | Found a blossoming altar of Fedhas.
  2271 | D:4      | Identified the +9 chain mail "Coemut" {-Tele rElec Str+8
                  | Dex-5}
  2364 | D:4      | Reached XP level 5. HP: 43/43 MP: 5/5
  2498 | D:4      | Found a basalt altar of Yredelemnul.
  2508 | D:4      | Reached skill level 1 in Shields
  2521 | D:4      | Reached skill level 5 in Fighting
  2601 | D:4      | Reached XP level 6. HP: 50/51 MP: 6/6
  2870 | D:4      | Found a staircase to the Ecumenical Temple.
  2885 | Temple   | Entered the Ecumenical Temple
  2901 | Temple   | Became a worshipper of the Shining One
  3044 | D:4      | Reached XP level 7. HP: 56/56 MP: 7/7
  3068 | D:4      | Found an ancient bone altar of Kikubaaqudgha.
  3146 | D:4      | Reached * piety under the Shining One
  3304 | D:4      | Reached XP level 8. HP: 64/64 MP: 8/8
  3413 | D:5      | Entered Level 5 of the Dungeon
  3533 | D:5      | Reached skill level 5 in Armour
  3533 | D:5      | Reached skill level 1 in Invocations
  3533 | D:5      | Reached skill level 1 in Evocations
  3658 | D:5      | Found a sand-covered staircase.
  3662 | Ossuary  | Entered an ossuary
  3741 | Ossuary  | Reached ** piety under the Shining One
  4171 | D:5      | Reached skill level 5 in Maces & Flails
  4230 | D:5      | Found Deun's Magic Scroll Boutique.
  4238 | D:5      | Bought a scroll of poison for 48 gold pieces
  4238 | D:5      | Bought a scroll of blinking for 90 gold pieces
  4238 | D:5      | Bought a scroll of teleportation for 36 gold pieces
  4238 | D:5      | Bought a scroll of silence for 114 gold pieces
  4238 | D:5      | Bought a scroll of identify for 24 gold pieces
  4240 | D:5      | Bought a scroll of identify for 24 gold pieces
  4653 | D:6      | Reached XP level 9. HP: 68/71 MP: 10/10
  4821 | D:6      | Found a snail-covered altar of Cheibriados.
  4862 | D:6      | Noticed Sigmund
  4869 | D:6      | Reached skill level 5 in Shields
  4888 | D:6      | Killed Sigmund
  4993 | D:6      | Reached *** piety under the Shining One
  5163 | D:6      | Found a glowing drain.
  5167 | Sewer    | Entered a sewer
  5818 | D:6      | Found an iron altar of Okawaru.
  5919 | D:6      | Found a hazy altar of Hepliaklqana.
  6015 | D:7      | Reached skill level 1 in Ranged Weapons
  6015 | D:7      | Reached skill level 1 in Throwing
  6196 | D:7      | Reached XP level 10. HP: 79/79 MP: 12/12
  6212 | D:7      | Found a white marble altar of Elyvilon.
  7196 | D:8      | Learned a level 3 spell: Swiftness
  7450 | D:8      | Found a shimmering altar of Xom.
  7538 | D:8      | Noticed a death yak
  7544 | D:8      | Noticed a death yak
  7548 | D:8      | Noticed a death yak
  7558 | D:8      | Killed a death yak
  7559 | D:8      | Reached skill level 1 in Spellcasting
  7559 | D:8      | Reached skill level 1 in Air Magic
  7563 | D:8      | Killed a death yak
  7590 | D:7      | Killed a death yak
  7591 | D:7      | Reached XP level 11. HP: 37/86 MP: 10/14
  7758 | D:8      | Found a hide-covered altar of Uskayaw.
  7866 | D:8      | Found a staircase to the Lair.
  7949 | D:9      | Noticed Gastronok
  8028 | D:9      | Noticed a two-headed ogre
  8100 | D:9      | Identified the +1 robe of the Beginning {Str+3 Int+2}
  8122 | D:9      | Killed a two-headed ogre
  8144 | D:9      | Reached **** piety under the Shining One
  8454 | D:9      | Reached skill level 5 in Invocations
  8676 | D:9      | Killed Gastronok
  8834 | D:9      | Found a staircase to the Orcish Mines.
  9040 | D:9      | Found an opulent altar of Gozag.
  9178 | D:9      | Found a bloodstained altar of Trog.
  9179 | D:9      | Noticed a wizard
  9185 | D:9      | Killed a wizard
  9236 | D:10     | Entered Level 10 of the Dungeon
 10311 | D:11     | Noticed Josephine
 10404 | D:11     | Noticed Harold
 10437 | D:10     | Reached XP level 12. HP: 75/95 MP: 16/16
 10560 | Orc:1    | Entered Level 1 of the Orcish Mines
 10825 | Orc:2    | Entered Level 2 of the Orcish Mines
 11087 | Orc:2    | Found a staircase to the Elven Halls.
 11278 | Orc:1    | Noticed Maurice
 11289 | Orc:1    | Killed Maurice
 11388 | Orc:2    | Found Judehus's Overcharged Wands.
 11484 | Orc:2    | Noticed an ettin
 11491 | Orc:2    | HP: 1/97 [ettin/+0 dire flail (18)]
 11492 | Orc:2    | The Shining One protects you from harm!
 11492 | Orc:2    | Annihilated by an ettin

Illustrated notes

Levels and vault maps discovered:
D:1:      minmay_arrival_widening_spiral_wide, layout_basic,
          nicolae_figureground_sparkle
D:2:      layout_basic, serial_glass, glass_columns_b, glass_columns_b,
          feat_on_display, due_unseen_surprise, minmay_strange_pillars,
          minmay_strange_pillars, dk_noncrumbling_2
D:3:      layout_rooms, fedhas_altar_1
D:4:      minmay_chambers_of_twos, layout_loops_cross,
          lemuel_mausoleum_altar_kikubaaqudgha,
          nicolae_yredelemnul_corpse_copse, minmay_temple_entry_junction_2
D:5:      layout_cave_pools, nicolae_ossuary_entry_plus, serial_shops, shop,
          hangedman_decor_clover_reticule
D:6:      layout_rooms, mainiacjoe_overflow_chevrons, okawaru_gym_becter,
          kennysheep_mini_moat, gup_sewer_entry_spiral, uniq_sigmund
D:7:      layout_loops_ring, elyvilon_altar_3, serial_rivers,
          chequers_serial_rivers_large_b, chequers_serial_rivers_micro_e,
          chequers_serial_rivers_small_3, chequers_serial_rivers_room_a,
          chequers_serial_rivers_micro_d
D:8:      layout_rooms, old_standard_altar, lemuel_coloured_pillars_altar,
          dpeg_lair_monsters, hangedman_decor_peaks_small
D:9:      layout_long_grid, grunt_gozag_statues, trog_wizard, david_orc_4,
          minivault_26, uniq_gastronok
D:10:     layout_loops_corners
D:11:     layout_long_grid, uniq_josephine, uniq_harold
Temple:   hellmonk_temple_of_storms
Orc:1:    layout_diamond_mine, uniq_maurice
Orc:2:    st_orc_elflike, layout_caves, nicolae_shop_overcharged_wands

Skill      XL: |  1  2  3  4  5  6  7  8  9 10 11 12 |
---------------+-------------------------------------+-----
Armour         | 3 4 5 6 7 8 9 |  9.0
Shields        | 1 2 3 4 5 6 7 8 |  8.4
Fighting       | 5 6 7 8 9 |  9.7
Maces & Flails | 4 5 6 7 8 |  8.8
Invocations    | 2 3 4 5 6 |  6.7
Evocations     | 2 3 |  3.0
Ranged Weapons | 1 3 |  3.0
Throwing       | 1 2 |  2.0
Spellcasting   | 2 3 |  3.0
Air Magic      | 2 3 |  3.0
Staves         | |  1.0

Action                   |  1- 3 |  4- 6 |  7- 9 | 10-12 || total
-------------------------+-------+-------+-------+-------++-------
Melee: Mace              |    76 |   140 |   411 |    68 ||   695
       Flail             |       |       |    34 |   361 ||   395
 Fire: Sling             |    11 |    19 |     2 |     3 ||    35
Throw: Dart              |       |       |       |     7 ||     7
       Throwing net      |       |       |       |     1 ||     1
       Boomerang         |       |       |       |     1 ||     1
Invok: Divine Shield     |       |       |       |     1 ||     1
Evoke: Wand              |       |       |     3 |     9 ||    12
  Use: Scroll            |       |       |    16 |     7 ||    23
       Potion            |       |       |     2 |     2 ||     4
Armor: Leather armour    |     8 |       |       |       ||     8
       Ring mail         |    33 |    10 |       |       ||    43
       Chain mail        |       |    81 |   238 |   318 ||   637
       Skin              |       |       |     5 |       ||     5
Dodge: Dodged            |    47 |    67 |   109 |   157 ||   380
Block: Kite shield       |       |    68 |   240 |   311 ||   619

Table legend: (Time is in decaauts)
 A = Elapsed time spent in this place.
 B = Non-inter-level travel time spent in this place.
 C = Inter-level travel time spent in this place.
 D = Time resting spent in this place.
 E = Time spent auto-exploring this place.
 F = Levels seen in this place.
 G = Mean time per level.
                   A        B        C        D        E       F      G
               +--------+--------+--------+--------+--------+-----+--------+
         Total |  12024 |  11335 |    689 |   1157 |   6604 |  16 |  751.5 |
       Dungeon |   9850 |   9182 |    668 |    761 |   5581 |  11 |  895.5 |
        Temple |     49 |     49 |      0 |      0 |     26 |   1 |   49.0 |
  Orcish Mines |    944 |    923 |     21 |    246 |    323 |   2 |  472.0 |
         Sewer |    776 |    776 |      0 |      0 |    554 |   1 |  776.0 |
       Ossuary |    402 |    402 |      0 |    150 |    120 |   1 |  402.0 |
               +--------+--------+--------+--------+--------+-----+--------+

Top non-repeatable levels by time:
     D:7: 1529 daAuts
     D:9: 1260 daAuts
     D:4: 1240 daAuts
    D:10: 1151 daAuts
     D:2: 928 daAuts
     D:6: 862 daAuts
     D:5: 814 daAuts
   Sewer: 776 daAuts
     D:1: 714 daAuts
     D:8: 678 daAuts
     D:3: 584 daAuts
   Orc:1: 503 daAuts
   Orc:2: 441 daAuts
 Ossuary: 402 daAuts
    D:11: 86 daAuts
